 Dungeon Crawl Stone Soup version 0.25-a0-108-gda8bd6cf83 (webtiles) character file.

Game seed: 14768527342154053030, levelgen mode: deterministic

23 mortelune the Skirmisher (level 2, -1/25 HPs)
             Began as a Demonspawn Wanderer on Nov 17, 2019.
             Slain by Natasha (4 damage)
             ... on level 2 of the Dungeon.
             The game lasted 00:01:26 (1218 turns).

mortelune the Skirmisher (Demonspawn Wanderer)      Turns: 1218, Time: 00:01:27

Health: -1/25      AC:  5    Str: 12    XL:     2   Next: 75%
Magic:  3/3        EV: 11    Int: 13    God:
Gold:   75         SH:  0    Dex: 12    Spells: 1/1 levels left

rFire    . . .     SeeInvis .   a - +0 spear
rCold    . . .     Gourm    .   (no shield)
rNeg     . . .     Faith    .   c - +0 leather armour
rPois    .         Spirit   .   (no helmet)
rElec    .         Reflect  .   (no cloak)
rCorr    .         Harm     .   (no gloves)
MR       .....                  (no boots)
Stlth    +.........             (no amulet)
HPRegen  0.08/turn              (no ring)
MPRegen  0.08/turn              (no ring)

@: slowed, very slow
A: iridescent scales 1
a: no special abilities


You were on level 2 of the Dungeon.
You were very hungry.

You visited 1 branch of the dungeon, and saw 2 of its levels.

You collected 75 gold pieces.

Inventory:

Hand Weapons
 a - a +0 spear (weapon)
Missiles
 b - 4 throwing nets (quivered)
Armour
 c - a +0 leather armour (worn)
Scrolls
 g - 2 scrolls of immolation {unknown}
Potions
 e - 2 potions of agility {unknown}
 h - a potion of invisibility {unknown}
Comestibles
 f - 4 rations


   Skills:
 + Level 4.2 Fighting
 * Level 2.0 Polearms
 + Level 2.1 Armour
 - Level 1.0 Dodging
   Level 2.0 Evocations


You had one spell level left.
You didn't know any spells.
Your spell library was empty.

Dungeon Overview and Level Annotations

Branches:
Dungeon (2/15)

Altars:

Annotations:
D:2 Natasha


Innate Abilities, Weirdness & Mutations

You are partially covered in iridescent scales. (AC +2)


Message History

Natasha misses you. Natasha claws you.
You barely miss Natasha.
Natasha is severely wounded.
Natasha barely misses you.
You hit Natasha but do no damage.
Natasha is heavily wounded.
Natasha barely misses you. Natasha claws you but does no damage.
You closely miss Natasha.
Natasha is heavily wounded.
The white imp disappears in a puff of smoke!
The shadow imp disappears in a puff of smoke!
Natasha casts a spell at you. The magic dart hits you.
You barely miss Natasha.
Natasha is heavily wounded.
You are feeling very hungry.
Natasha claws you.
* * * LOW HITPOINT WARNING * * *
Natasha claws you.
You die...

##P.P...♣ #..P♣♣P.♣
♣♣♣♣ #...♣♣P.. #..#
#P♣♣P... #..#
#P.PP..# ##..#
#...#..# ...#
#.....##
#..########..#
#.#####
#....[..§h@..# #.#
##.....§.###.# #.#
#.#####.###.#######.#
................#
#################


You could see Natasha.

Vanquished Creatures
  An adder (D:2)
  A dart slug (D:1)
  A giant cockroach (D:1)
  A goblin (D:1)
  2 hobgoblins (D:2)
  3 bats (D:1)
  4 kobolds
  2 rats
15 creatures vanquished.

Notes
Turn   | Place    | Note
-------+----------+-------------------------------------------
     0 | D:1      | mortelune the Demonspawn Wanderer began the quest for the
                  | Orb.
     0 | D:1      | mortelune set off with the following items: a +0 spear, 4
                  | throwing nets, a +0 leather armour, a potion of curing, a
                  | ration
     0 | D:1      | Reached XP level 1. HP: 19/19 MP: 2/2
   584 | D:1      | Gained mutation: You are partially covered in iridescent
                  | scales. (AC +2) [demonic ancestry]
   584 | D:1      | Reached XP level 2. HP: 25/25 MP: 3/3
  1190 | D:2      | Noticed Natasha
  1196 | D:2      | Noticed a crimson imp
  1218 | D:2      | Slain by Natasha

Levels and vault maps discovered:
D:1:      lemuel_arrival_river_ford, layout_basic, solitary_fountain
D:2:      layout_loops_ring, nicolae_overflow_crystal_walls,
          makhleb_altar_promises_db, serial_forest, infiniplex_forest_corner_1,
          infiniplex_forest_lined_4_way, infiniplex_forest_clump_double,
          infiniplex_forest_corner_2, infiniplex_forest_clump_double,
          infiniplex_forest_straight_4, infiniplex_forest_end_double,
          nicolae_qazlal_general_emergency, uniq_natasha

Skill      XL: |  1  2 |
---------------+-------+-----
Armour         | 2 |  2.1
Polearms       | 2 |  2.0
Fighting       | |  4.2
Dodging        | |  1.0
Evocations     | |  2.0

Action                   || total
-------------------------++-------
Melee: Spear             ||    82
  Use: Scroll            ||     1
       Potion            ||     3
Armor: Leather armour    ||    13
Dodge: Dodged            ||    47

Table legend:
 A = Non-vault XP
 B = Vault XP
 C = Vault XP percentage of total XP
 D = Non-vault monster count
 E = Vault monster count
 F = Vault count percentage of total count
                 A         B        C        D         E       F
            +---------+---------+-------+---------+---------+-------
      Total |      34 |       0 |   0.0 |      15 |       0 |   0.0
            +---------+---------+-------+---------+---------+-------
        D:1 |      15 |       0 |   0.0 |      10 |       0 |   0.0
        D:2 |      19 |       0 |   0.0 |       5 |       0 |   0.0
            +---------+---------+-------+---------+---------+-------
